BSA
PORTLAND CARDS @ BOSTON REBELS
07/02/2029
 
TOP OF THE 1ST
Portland Cards batting - Pitching for Boston Rebels : RHP Dale Reese
Pitching: RHP Dale Reese
Batting: LHB Joel Nelson 0-0: Ball
1-0: Ball
2-0: Called Strike
2-1: Ball
3-1: Swinging Strike
3-2: Foul Ball, location: 2F
3-2: Base on Balls
Batting: RHB Aaron Scott 0-0: Fly out, F7 (Flyball, 7)
Batting: LHB Jeff Daniels 0-0: Called Strike
0-1: Ball
1-1: Ball
2-1: Ball
3-1: Ground out 4-3 (Groundball, 4S)
Joel Nelson to second
Batting: LHB Paul Mullins 0-0: Ball
1-0: Fly out, F5 (Popup, 5SF)
Top of the 1st over - 0 runs, 0 hits, 0 errors, 1 left on base; Portland 0 - Boston 0
BOTTOM OF THE 1ST
Boston Rebels batting - Pitching for Portland Cards : RHP Won-min Im
Pitching: RHP Won-min Im
Batting: LHB Pat Zimmerman 0-0: SINGLE (Line Drive, 78S)
Batting: LHB Felipe Guerrero 0-0: SINGLE (Line Drive, 34D)
Pat Zimmerman to second
Runner from 2nd tries for 3rd, SAFE, throw made at trailing runner, OUT!
Batting: SHB António Enríquez 0-0: Called Strike
0-1: Ball
1-1: Foul Ball, location: 2F
1-2: SINGLE (Groundball, 4MD)
Pat Zimmerman scores
Batting: LHB Ricardo Brandariz 0-0: Swinging Strike
0-1: SINGLE (Groundball, 4MD)
António Enríquez to second
Runner from 2nd tries for 3rd, SAFE, no throw
Batting: RHB Gerald Burnett 0-0: Ball
1-0: Ball
2-0: Foul Ball, location: 2F
2-1: Swinging Strike
2-2: Foul Ball, location: 2F
2-2: Strikes out swinging
Ricardo Brandariz steals 2nd base
Batter strikes out.
Batting: LHB Howard Lambert 0-0: Foul Ball, location: 2F
0-1: Ball
1-1: Ball
2-1: Ball
3-1: Base on Balls
Batting: RHB Ed Watkins 0-0: Foul Ball, location: 2F
0-1: Foul Ball, location: 2F
0-2: Strikes out swinging
Bottom of the 1st over - 1 run, 4 hits, 0 errors, 3 left on base; Portland 0 - Boston 1
TOP OF THE 2ND
Portland Cards batting - Pitching for Boston Rebels : RHP Dale Reese
Batting: RHB Eugene Gill 0-0: Called Strike
0-1: Called Strike
0-2: Strikes out swinging
Batting: LHB Bill Smith 0-0: Called Strike
0-1: Ball
1-1: Ball
2-1: Foul Ball, location: 2F
2-2: SINGLE (Groundball, 4MD)
Batting: RHB Mario Méndez 0-0: Ball
1-0: Called Strike
1-1: Ball
2-1: Foul Ball, location: 2F
2-2: DOUBLE (Line Drive, 78D)
Bill Smith to third
Runner from 3rd tries for Home, SAFE, no throw
Batting: RHB Peter Hensley 0-0: Ground out 6-3 (Groundball, 6)
Batting: RHB Gabriel Miranda 0-0: Called Strike
0-1: 2-RUN HOME RUN (Line Drive, 7LD), Distance : 366 ft
Batting: LHB Joel Nelson 0-0: Ball
1-0: Foul Ball, location: 2F
1-1: Called Strike
1-2: Strikes out swinging
Top of the 2nd over - 3 runs, 3 hits, 0 errors, 0 left on base; Portland 3 - Boston 1
BOTTOM OF THE 2ND
Boston Rebels batting - Pitching for Portland Cards : RHP Won-min Im
Batting: RHB Roberto Chávez 0-0: SINGLE (Line Drive, 9S)
Batting: RHB Aaron Wilson 0-0: Ball
1-0: Ball
2-0: Foul Ball, location: 2F
2-1: Swinging Strike
2-2: Strikes out swinging
Batting: LHB Pat Zimmerman 0-0: Called Strike
Roberto Chávez steals 2nd base
0-1: Called Strike
0-2: Ground out 6-3 (Groundball, 6M)
Roberto Chávez to third
Batting: LHB Felipe Guerrero 0-0: Ball
1-0: Ball
2-0: SINGLE (Groundball, 6MD)
Roberto Chávez scores
Batting: SHB António Enríquez 0-0: Ball
1-0: Called Strike
1-1: Ball
2-1: Ball
3-1: Called Strike
3-2: DOUBLE (Groundball, 5L)
Felipe Guerrero to third
Felipe Guerrero scores
Batting: LHB Ricardo Brandariz 0-0: Called Strike
0-1: Ball
1-1: Called Strike
1-2: Strikes out swinging
Bottom of the 2nd over - 2 runs, 3 hits, 0 errors, 1 left on base; Portland 3 - Boston 3
TOP OF THE 3RD
Portland Cards batting - Pitching for Boston Rebels : RHP Dale Reese
Batting: RHB Aaron Scott 0-0: Ball
1-0: Foul Ball, location: 2F
1-1: Swinging Strike
1-2: Foul Ball, location: 2F
1-2: Foul Ball, location: 2F
1-2: Ball
2-2: Ball
3-2: Base on Balls
Batting: LHB Jeff Daniels 0-0: Ball
1-0: Ball
2-0: Ball
3-0: Foul Ball, location: 2F
3-1: Base on Balls
Aaron Scott to second
Batting: LHB Paul Mullins 0-0: SINGLE (Line Drive, 56D)
Aaron Scott to third
Jeff Daniels to second
Runner from 3rd tries for Home, SAFE, no throw
Batting: RHB Eugene Gill 0-0: Swinging Strike
0-1: Ball
1-1: Foul Ball, location: 2F
1-2: Fly out, F9 (Line Drive, 9)
Batting: LHB Bill Smith 0-0: Called Strike
0-1: Foul Ball, location: 2F
0-2: Ball
1-2: SINGLE (Groundball, 4MD)
Jeff Daniels to third
Paul Mullins to second
Batting: RHB Mario Méndez 0-0: Ball
1-0: Called Strike
1-1: Ball
2-1: Ball
3-1: Foul Ball, location: 2F
3-2: Fly out, F8 (Flyball, 8RD)
Runner from 3rd tags up, SCORES, throw made
Batting: RHB Peter Hensley 0-0: Fly out, F4 (Line Drive, 4)
Top of the 3rd over - 2 runs, 2 hits, 0 errors, 2 left on base; Portland 5 - Boston 3
BOTTOM OF THE 3RD
Boston Rebels batting - Pitching for Portland Cards : RHP Won-min Im
Batting: RHB Gerald Burnett 0-0: Swinging Strike
0-1: Ball
1-1: Ball
2-1: Foul Ball, location: 2F
2-2: Ball
3-2: Strikes out swinging
Batting: LHB Howard Lambert 0-0: Called Strike
0-1: Called Strike
0-2: Strikes out swinging
Batting: RHB Ed Watkins 0-0: Called Strike
0-1: Swinging Strike
0-2: Ball
1-2: Ball
2-2: Ball
3-2: Ground out 1-3 (Groundball, P)
Bottom of the 3rd over - 0 runs, 0 hits, 0 errors, 0 left on base; Portland 5 - Boston 3
TOP OF THE 4TH
Portland Cards batting - Pitching for Boston Rebels : RHP Dale Reese
Batting: RHB Gabriel Miranda 0-0: Called Strike
0-1: Ball
1-1: SINGLE (Line Drive, 9LM)
Batting: LHB Joel Nelson 0-0: Called Strike
0-1: Fly out, F6 (Line Drive, 6M)
Batting: RHB Aaron Scott 0-0: Ball
1-0: Called Strike
1-1: Ball
2-1: Called Strike
2-2: Ball
3-2: Base on Balls
Gabriel Miranda to second
Batting: LHB Jeff Daniels 0-0: Ball
1-0: Ball
2-0: Called Strike
2-1: Swinging Strike
2-2: Grounds into double play, 6-4-3 (Groundball, 6M)
Top of the 4th over - 0 runs, 1 hit, 0 errors, 1 left on base; Portland 5 - Boston 3
BOTTOM OF THE 4TH
Boston Rebels batting - Pitching for Portland Cards : RHP Won-min Im
Batting: RHB Roberto Chávez 0-0: Ball
1-0: Foul Ball, location: 2F
1-1: Foul Ball, location: 2F
1-2: Strikes out swinging
Batting: RHB Aaron Wilson 0-0: Ground out 3-1 (Groundball, 23)
Batting: LHB Pat Zimmerman 0-0: Ball
1-0: Ball
2-0: Ground out 6-3 (Groundball, 6M)
Bottom of the 4th over - 0 runs, 0 hits, 0 errors, 0 left on base; Portland 5 - Boston 3
TOP OF THE 5TH
Portland Cards batting - Pitching for Boston Rebels : RHP Dale Reese
Batting: LHB Paul Mullins 0-0: Ball
1-0: Called Strike
1-1: Foul Ball, location: 2F
1-2: Foul Ball, location: 2F
1-2: SOLO HOME RUN (Flyball, 9LD), Distance : 312 ft
Batting: RHB Eugene Gill 0-0: Called Strike
0-1: Ball
1-1: Ball
2-1: Ball
3-1: SOLO HOME RUN (Flyball, 7D), Distance : 400 ft
Pitching: RHP Beau Murphy
Batting: LHB Bill Smith 0-0: Ball
1-0: Ball
2-0: Foul Ball, location: 2F
2-1: Ball
3-1: Foul Ball, location: 2F
3-2: SINGLE (Flyball, 9LS)
Batting: RHB Mario Méndez 0-0: Called Strike
0-1: Ball
1-1: Swinging Strike
1-2: Ball
2-2: Fly out, F9 (Flyball, 9LMF)
Batting: RHB Peter Hensley 0-0: Ball
1-0: Called Strike
1-1: Ground out 3-1 (Groundball, 34)
Bill Smith to second
Batting: RHB Gabriel Miranda 0-0: Swinging Strike
0-1: SINGLE (Groundball, 56D)
Bill Smith to third
Runner from 3rd tries for Home, SAFE, no throw
Batting: LHB Joel Nelson 0-0: DOUBLE (Line Drive, 78XD)
Gabriel Miranda to third
Batting: RHB Aaron Scott 0-0: Foul Ball, location: 2F
0-1: Ball
1-1: Swinging Strike
1-2: Strikes out swinging
Top of the 5th over - 3 runs, 5 hits, 0 errors, 2 left on base; Portland 8 - Boston 3
BOTTOM OF THE 5TH
Boston Rebels batting - Pitching for Portland Cards : RHP Won-min Im
Batting: LHB Felipe Guerrero 0-0: Ball
1-0: Called Strike
1-1: Swinging Strike
1-2: Strikes out looking
Batting: SHB António Enríquez 0-0: Ball
1-0: Fly out, F4 (Popup, 34D)
Batting: LHB Ricardo Brandariz 0-0: Called Strike
0-1: Called Strike
0-2: Ball
1-2: Ball
2-2: Ground out 4-3 (Groundball, 4)
Bottom of the 5th over - 0 runs, 0 hits, 0 errors, 0 left on base; Portland 8 - Boston 3
TOP OF THE 6TH
Portland Cards batting - Pitching for Boston Rebels : RHP Beau Murphy
Batting: LHB Jeff Daniels 0-0: Called Strike
0-1: Swinging Strike
0-2: Ball
1-2: Foul Ball, location: 2F
1-2: Strikes out swinging
Batting: LHB Paul Mullins 0-0: Fly out, F9 (Flyball, 9S)
Batting: RHB Eugene Gill 0-0: Swinging Strike
0-1: Ball
1-1: Ball
2-1: SOLO HOME RUN (Flyball, 7D), Distance : 403 ft
Batting: LHB Bill Smith 0-0: Foul Ball, location: 2F
0-1: Ball
1-1: Ball
2-1: Called Strike
2-2: Ball
3-2: Strikes out swinging
Top of the 6th over - 1 run, 1 hit, 0 errors, 0 left on base; Portland 9 - Boston 3
BOTTOM OF THE 6TH
Boston Rebels batting - Pitching for Portland Cards : RHP Won-min Im
Batting: RHB Gerald Burnett 0-0: Fly out, F7 (Flyball, 78D)
Batting: LHB Howard Lambert 0-0: Ball
1-0: Foul Ball, location: 2F
1-1: Called Strike
1-2: Foul Ball, location: 2F
1-2: Foul Ball, location: 2F
1-2: SOLO HOME RUN (Flyball, 9LD), Distance : 327 ft
Pitching: RHP Ron Biller
Batting: RHB Ed Watkins 0-0: Ball
1-0: Called Strike
1-1: Ball
2-1: DOUBLE (Flyball, 89XD)
Batting: RHB Roberto Chávez 0-0: Ball
1-0: Called Strike
1-1: Foul Ball, location: 2F
1-2: Ball
2-2: Foul Ball, location: 2F
2-2: Strikes out swinging
Batting: RHB Aaron Wilson 0-0: Foul Ball, location: 2F
0-1: Foul Ball, location: 2F
0-2: DOUBLE (Line Drive, 89D)
Ed Watkins scores
Batting: LHB Pat Zimmerman 0-0: Ball
1-0: Ground out 6-3 (Groundball, 6M)
Bottom of the 6th over - 2 runs, 3 hits, 0 errors, 1 left on base; Portland 9 - Boston 5
TOP OF THE 7TH
Portland Cards batting - Pitching for Boston Rebels : RHP Beau Murphy
Pitching: RHP Ramón López
Batting: RHB Mario Méndez 0-0: Ball
1-0: Foul Ball, location: 2F
1-1: Ball
2-1: Foul Ball, location: 2F
2-2: Strikes out swinging
Batting: RHB Peter Hensley 0-0: Ball
1-0: Called Strike
1-1: Ground out 4-3 (Groundball, 4S)
Batting: RHB Gabriel Miranda 0-0: Ball
1-0: Fly out, F6 (Line Drive, 6)
Top of the 7th over - 0 runs, 0 hits, 0 errors, 0 left on base; Portland 9 - Boston 5
BOTTOM OF THE 7TH
Boston Rebels batting - Pitching for Portland Cards : RHP Ron Biller
Batting: LHB Felipe Guerrero 0-0: Foul Ball, location: 2F
0-1: Called Strike
0-2: Ball
1-2: Foul Ball, location: 2F
1-2: Ball
2-2: Foul Ball, location: 2F
2-2: Strikes out swinging
Batting: SHB António Enríquez 0-0: Ball
1-0: Foul Ball, location: 2F
1-1: Called Strike
1-2: Strikes out looking
Batting: LHB Ricardo Brandariz 0-0: Foul Ball, location: 2F
0-1: Ball
1-1: Ball
2-1: Called Strike
2-2: Foul Ball, location: 2F
2-2: Foul Ball, location: 2F
2-2: Strikes out swinging
Bottom of the 7th over - 0 runs, 0 hits, 0 errors, 0 left on base; Portland 9 - Boston 5
TOP OF THE 8TH
Portland Cards batting - Pitching for Boston Rebels : RHP Ramón López
Batting: LHB Joel Nelson 0-0: Ball
1-0: Ball
2-0: Ball
3-0: Called Strike
3-1: Ground out 6-3 (Groundball, 6MS)
Batting: RHB Aaron Scott 0-0: Ball
1-0: Ball
2-0: Ball
3-0: Base on Balls
Batting: LHB Jeff Daniels 0-0: Ball
1-0: Ball
2-0: SINGLE (Line Drive, 34D)
Aaron Scott to second
Pitching: LHP Enrico Lozano
Batting: LHB Paul Mullins 0-0: Foul Ball, location: 2F
0-1: Ball
1-1: Foul Ball, location: 2F
1-2: Strikes out looking
Pitching: RHP David Lester
Batting: RHB Eugene Gill 0-0: Foul Ball, location: 2F
0-1: Ball
1-1: Foul Ball, location: 2F
1-2: Ball
2-2: Strikes out looking
Top of the 8th over - 0 runs, 1 hit, 0 errors, 2 left on base; Portland 9 - Boston 5
BOTTOM OF THE 8TH
Boston Rebels batting - Pitching for Portland Cards : RHP Ron Biller
Batting: RHB Gerald Burnett 0-0: Ball
1-0: Ball
2-0: Called Strike
2-1: Ball
3-1: Base on Balls
Batting: LHB Howard Lambert 0-0: Ball
1-0: Foul Ball, location: 2F
1-1: Fly out, F8 (Line Drive, 8RXD)
Batting: RHB Ed Watkins 0-0: Called Strike
0-1: Swinging Strike
0-2: Foul Ball, location: 2F
0-2: Fly out, F9 (Line Drive, 9S)
Batting: RHB Roberto Chávez 0-0: Fielders Choice at 2nd, 6-4 (Groundball, 6)
Bottom of the 8th over - 0 runs, 0 hits, 0 errors, 1 left on base; Portland 9 - Boston 5
TOP OF THE 9TH
Portland Cards batting - Pitching for Boston Rebels : RHP David Lester
Batting: LHB Bill Smith 0-0: Ball
1-0: Swinging Strike
1-1: Swinging Strike
1-2: Strikes out swinging
Batting: RHB Mario Méndez 0-0: Called Strike
0-1: Ball
1-1: Ball
2-1: Swinging Strike
2-2: Strikes out swinging
Batting: RHB Peter Hensley 0-0: Swinging Strike
0-1: Ball
1-1: Called Strike
1-2: Strikes out swinging
Top of the 9th over - 0 runs, 0 hits, 0 errors, 0 left on base; Portland 9 - Boston 5
BOTTOM OF THE 9TH
Boston Rebels batting - Pitching for Portland Cards : RHP Ron Biller
Pitching: LHP Valentín Reséndez
Batting: RHB Aaron Wilson 0-0: Called Strike
0-1: Foul Ball, location: 2F
0-2: Strikes out swinging
Batting: LHB Pat Zimmerman 0-0: Ball
1-0: Ground out 6-3 (Groundball, 6S)
Batting: LHB Felipe Guerrero 0-0: Swinging Strike
0-1: Foul Ball, location: 2F
0-2: Ball
1-2: Strikes out swinging
Bottom of the 9th over - 0 runs, 0 hits, 0 errors, 0 left on base; Portland 9 - Boston 5
Saturday, December 16th, 2017 - OOTP Baseball 18.8 Build 76